 Dungeon Crawl Stone Soup version 0.24-a0-139-geb6712d (webtiles) character file.

Game seed: 3390151153919867376

1223 Dfrag the Digger (level 8, -4/62 HPs)
             Began as a Deep Dwarf Earth Elementalist on Mar 4, 2019.
             Slain by Duvessa
             ... wielding a +0 short sword
              (11 damage)
             ... on level 4 of the Dungeon.
             The game lasted 00:10:36 (4168 turns).

Dfrag the Digger (Deep Dwarf Earth Elementalist)    Turns: 4168, Time: 00:10:36

Health: -4/62      AC:  6    Str: 19    XL:     8   Next: 23%
Magic:  18/27 (18) EV: 12    Int: 17    God:
Gold:   335        SH:  0    Dex: 13    Spells: 17/21 levels left

rFire    . . .     SeeInvis .   p - +0 broad axe
rCold    . . .     Gourm    .   (no shield)
rNeg     . . .     Faith    .   c - +0 robe
rPois    .         Spirit   .   w - +1 helmet
rElec    .         Reflect  .   A - +0 cloak
rCorr    .         Harm     .   (no gloves)
MR       +....                  B - +0 pair of boots
Stlth    ++........             (no amulet)
HPRegen  0.00/turn              g - ring of magical power
MPRegen  0.20/turn              s - +6 ring of strength

@: non-regenerating
A: damage resistance, heal wounds, sense surroundings 1, no regeneration
a: Heal Wounds


You were on level 4 of the Dungeon.
You were hungry.

You visited 1 branch of the dungeon, and saw 5 of its levels.
You also visited: Ossuary.

You collected 335 gold pieces.

Inventory:

Hand Weapons
 p - a +0 broad axe (weapon)
Missiles
 b - 8 stones (quivered)
Armour
 c - a +0 robe (worn)
 w - a +1 helmet (worn)
 A - a +0 cloak (worn)
 B - a +0 pair of boots (worn)
Jewellery
 g - a ring of magical power (left hand)
 n - an uncursed ring of stealth
 s - a +6 ring of strength (right hand)
Wands
 o - a wand of polymorph (6)
 z - a wand of random effects (21)
Scrolls
 e - 5 scrolls of immolation
 f - 2 scrolls of enchant weapon
 j - a scroll of fog {unknown}
 l - a scroll of enchant armour
 q - a scroll of remove curse {unknown}
 r - 2 scrolls of magic mapping {unknown}
 t - 7 scrolls of teleportation
 u - 2 scrolls of blinking {unknown}
 x - 4 scrolls of noise {unknown}
 y - a scroll of fear {unknown}
 D - a scroll of brand weapon {unknown}
Potions
 a - 2 potions of heal wounds
 h - a potion of brilliance
 i - a potion of berserk rage
 m - 2 potions of flight
 v - 3 potions of degeneration
 C - 2 potions of curing
 E - a potion of agility {unknown}
 F - a potion of lignification {unknown}
Comestibles
 d - 13 rations


   Skills:
 - Level 2.1 Dodging
 - Level 2.4 Stealth
 * Level 7.0 Spellcasting
 + Level 1.7 Conjurations
   Level 0.8 Transmutations
 - Level 7.9 Earth Magic


You had 17 spell levels left.
You knew the following spells:

 Your Spells              Type           Power        Failure   Level  Hunger
a - Sandblast             Erth           ####..       1%          1    None
b - Stone Arrow           Conj/Erth      ###...       4%          3    ##.....

Your spell library contained the following spells:

 Spells                   Type           Power        Failure   Level  Hunger
 Passwall                 Tmut/Erth      ###.....     3%          2    None
 Animate Skeleton         Necr           N/A          12%         1    None
 Apportation              Tloc           #.....       12%         1    None
 Confusing Touch          Hex            #.....       12%         1    None
 Summon Small Mammal      Summ           #...         12%         1    None
 Lee's Rapid Deconstruct  Erth           ####......   12%         5    #####..
 Call Imp                 Summ           #.......     17%         2    None
 Petrify                  Tmut/Erth      ###.....     19%         4    ####...
 Call Canine Familiar     Summ           #.......     34%         3    ##.....
 Summon Guardian Golem    Hex/Summ       #.......     34%         3    ##.....
 Summon Ice Beast         Ice/Summ       #.......     75%         4    ####...
 Summon Lightning Spire   Summ/Air       #.......     75%         4    ####...


Dungeon Overview and Level Annotations

Branches:
Dungeon (5/15)
 Temple: D:4-7

Altars:
Ashenzari
Qazlal
Zin

Annotations:
D:4 Duvessa


Innate Abilities, Weirdness & Mutations

You are resistant to damage.
You can heal yourself by infusing magical energy.
You passively map a small area around you.
You do not regenerate.


Message History

Press: ? - help, Shift-Dir - straight line, f/p - Duvessa
Aim: Duvessa, wielding a +0 short sword and wearing a +1 leather armour of cold resistance (moderately wounded, berserk, fast, unusually strong)
The blast of sand hits Duvessa.
Duvessa is moderately wounded.
b - 9 stones Duvessa hits you with a +0 short sword!
* * * LOW HITPOINT WARNING * * *
Unknown command.
Casting: Sandblast (safe; 1% risk of failure)
Confirm with . or Enter, or press ? or * to list all spells.
Aiming: Sandblast (safe; 1% risk of failure)
Press: ? - help, Shift-Dir - straight line, f/p - Duvessa
Aim: Duvessa, wielding a +0 short sword and wearing a +1 leather armour of cold resistance (moderately wounded, berserk, fast, unusually strong)
The blast of sand hits Duvessa!
Duvessa is heavily wounded.
b - 8 stones Duvessa hits you with a +0 short sword.
* * * LOW HITPOINT WARNING * * *
Duvessa hits you with a +0 short sword!
You die...

#..#.>........#....#......#.#
#.....#......###..##......###
#..#..##...........##...####.
####...##.......<.......# ##.
##...#.##............# #..
##..###.............###..
#...........###.........
##.......##.#.#.........
##..##@e.)......##.....
######..#......##..##.
#..##......,#.###.
#.##*...... #.# # #. ,
.....#.#### *.. ,*
..........## ##.
,..##...#.... ##, ,*###.#....
* , < #.....#


You could see Duvessa (berserk).

Vanquished Creatures
  A phantom (D:5)
  4 water moccasin zombies (Ossuary)
  2 scorpions (D:3)
  Dowan (D:4)
  A howler monkey (D:4)
  2 crimson imps (D:5)
  A centaur zombie (D:5)
  A hound (D:4)
  A centaur skeleton (D:4)
  An orc priest (D:4)
  Crazy Yiuf (D:3)
  A bullfrog skeleton (D:4)
  An iguana (D:4)
  5 worker ants
  3 big kobold zombies (Ossuary)
  2 mummies (Ossuary)
  A howler monkey skeleton (D:4)
  9 adders
  An ooze (D:3)
  An adder skeleton (D:5)
  9 adder zombies (Ossuary)
  2 worms
  2 dart slugs (D:1)
  6 leopard geckos
  8 orcs
  12 bats
  3 giant cockroaches
  3 gnoll zombies (Ossuary)
  14 goblins
  2 hobgoblins
  9 jackals
  3 quokkas
  A ball python (D:1)
  7 frilled lizards
  4 hobgoblin zombies (Ossuary)
  3 kobolds
  6 kobold zombies (Ossuary)
  4 orc zombies (Ossuary)
  6 rats
144 creatures vanquished.

Notes
Turn   | Place    | Note
-------+----------+-------------------------------------------
     0 | D:1      | Dfrag the Deep Dwarf Earth Elementalist began the quest for
                  | the Orb.
     0 | D:1      | Reached XP level 1. HP: 15/15 MP: 3/3
   246 | D:1      | Reached XP level 2. HP: 19/22 MP: 2/5
  1043 | D:2      | Reached XP level 3. HP: 21/28 MP: 7/7
  1048 | D:2      | Learned a level 3 spell: Stone Arrow
  1255 | D:2      | Found a glowing silver altar of Zin.
  1256 | D:2      | Found a stormy altar of Qazlal.
  1289 | D:2      | Reached XP level 4. HP: 24/36 MP: 8/8
  1334 | D:2      | Reached skill level 5 in Earth Magic
  1716 | D:3      | Reached XP level 5. HP: 24/42 MP: 9/10
  1993 | D:3      | Reached XP level 6. HP: 27/49 MP: 10/12
  2117 | D:3      | Found a runed translucent door.
  2118 | D:3      | Noticed Crazy Yiuf
  2282 | D:3      | Killed Crazy Yiuf
  2517 | D:4      | Reached skill level 5 in Spellcasting
  2584 | D:4      | Found a shattered altar of Ashenzari.
  2660 | D:4      | Reached XP level 7. HP: 24/55 MP: 3/15
  2688 | D:4      | Noticed Duvessa
  2898 | D:4      | Noticed Dowan
  2907 | D:5      | Entered Level 5 of the Dungeon
  3175 | D:5      | Found a sand-covered staircase.
  3201 | Ossuary  | Entered an ossuary
  3745 | Ossuary  | Reached XP level 8. HP: 21/62 MP: 1/17
  3750 | Ossuary  | Reached skill level 1 in Conjurations
  4164 | D:4      | Killed Dowan
  4168 | D:4      | Slain by Duvessa

Levels and vault maps discovered:
D:1:      wheals_arrival_linesprint, layout_basic, chequers_jeans,
          minmay_misc_feat_rows, minmay_misc_feat_doors, due_unseen_surprise
D:2:      layout_basic, minitemple, first_ration, grunt_ministairs_11
D:3:      layout_basic, minmay_fractal_squares_diagonal_5,
          uniq_crazy_yiuf_cottage
D:4:      layout_cave_pools, cheibrodos_ashenzari_chains, uniq_duvessa
D:5:      layout_basic, slow_altar_2, serial_glass, glass_columns_a,
          glass_columns_a, nicolae_ossuary_entry_ruins
Ossuary:  ossuary_tomb_2

Skill      XL: |  1  2  3  4  5  6  7  8 |
---------------+-------------------------+-----
Spellcasting   | 2 3 4 5 6 7 |  7.0
Earth Magic    | 5 6 7 |  7.9
Conjurations   | 1 |  1.7
Dodging        | |  2.1
Stealth        | |  2.4
Transmutations | |  0.8

Action                   |  1- 3 |  4- 6 |  7- 9 || total
-------------------------+-------+-------+-------++-------
Melee: Unarmed           |     6 |       |       ||     6
       Broad axe         |     4 |    25 |   128 ||   157
 Cast: Sandblast         |    50 |    62 |    35 ||   147
       Stone Arrow       |       |    23 |    52 ||    75
 Abil: Heal Wounds       |       |       |     2 ||     2
  Use: Scroll            |       |       |    10 ||    10
 Stab: Sleeping          |     1 |     4 |     2 ||     7
  Eat: Chunk             |     2 |     6 |     3 ||    11
       Ration            |       |       |     1 ||     1
Armor: Robe              |     8 |    29 |    65 ||   102
Dodge: Dodged            |    16 |    62 |   134 ||   212

Table legend:
 A = Non-vault XP
 B = Vault XP
 C = Vault XP percentage of total XP
 D = Non-vault monster count
 E = Vault monster count
 F = Vault count percentage of total count
                 A         B        C        D         E       F
            +---------+---------+-------+---------+---------+-------
      Total |    1111 |     637 |  36.4 |      97 |      47 |  32.6
            +---------+---------+-------+---------+---------+-------
        D:1 |      25 |       0 |   0.0 |      13 |       0 |   0.0
        D:2 |      74 |       4 |   5.1 |      23 |       2 |   8.0
        D:3 |     265 |      65 |  19.7 |      26 |       9 |  25.7
        D:4 |     380 |      69 |  15.4 |      20 |       1 |   4.8
        D:5 |     367 |       0 |   0.0 |      15 |       0 |   0.0
    Ossuary |       0 |     499 | 100.0 |       0 |      35 | 100.0
            +---------+---------+-------+---------+---------+-------
